 Dungeon Crawl Stone Soup version 0.31-a0-167-g1c394c0614 (webtiles) character file.

Game seed: 14320791686035797003

3087 qw the Skirmisher (level 9, -2/59 HPs)
             Began as a Gargoyle Hunter on June 14, 2023.
             Was an Initiate of Okawaru.
             Slain by an orc warrior
             ... wielding a +2 trident of venom
              (7 damage)
             ... on level 8 of the Dungeon.
             The game lasted 00:03:13 (7189 turns).

qw the Skirmisher (Gargoyle Hunter)                 Turns: 7189, Time: 00:03:13

Health: -2/59      AC: 13    Str: 15    XL:     9   Next: 89%
Magic:  9/9        EV: 13    Int: 10    God:    Okawaru [......]
Gold:   390        SH:  0    Dex: 17    Spells: 8/8 levels left

rFire   . . .        Y - +2 shortbow
rCold   + . .        (shield currently unavailable)
rNeg    + . .        l - +2 leather armour {rC+}
rPois   inf          k - +0 helmet
rElec   +            (no cloak)
rCorr   .            (no gloves)
SInv    +            q - +0 pair of boots
Will    .....        h - amulet of the acrobat
Stlth   ++           n - ring of see invisible
HPRegen 0.29/turn    (no ring)
MPRegen 0.11/turn

%: acrobat
@: about to teleport
A: sickness immunity, AC +6, negative energy resistance 1, electricity
resistance, torment resistance 1, petrification resistance
a: Renounce Religion


You were on level 8 of the Dungeon.
You worshipped Okawaru.
Okawaru was noncommittal.
You visited 2 branches of the dungeon, and saw 9 of its levels.

You collected 486 gold pieces.
You spent 96 gold pieces at shops.


Innate Abilities, Weirdness & Mutations

You are immune to sickness and miasma.
Your stone body is resilient. (AC +6)
You are immune to poison.
You resist negative energy. (rN+)
You are resistant to electric shocks. (rElec)
You are resistant to unholy torment.
You are immune to petrification.


   Skills:
 - Level 8.0 Fighting
 + Level 11.4 Ranged Weapons
 - Level 2.2 Armour
 - Level 3.1 Dodging
 - Level 1.1 Stealth
 - Level 0.8 Invocations


You had 8 spell levels left.
You didn't know any spells.
Your spell library was empty.

Inventory:

Hand Weapons
 Y - a +2 shortbow (weapon)
Armour
 d - +0 steam dragon scales
 k - a +0 helmet (worn)
 l - a +2 leather armour of cold resistance (worn)
 q - a +0 pair of boots (worn)
Jewellery
 h - an amulet of the acrobat (around neck)
 n - a ring of see invisible (left hand)
 p - a ring of fire
Wands
 m - a wand of digging (3)
Scrolls
 i - a scroll of fear {unknown}
 j - 3 scrolls of identify
 o - a scroll of teleportation
Potions
 a - 2 potions of might
 b - 2 potions of haste
 c - a potion of attraction
 e - a potion of resistance
 f - a potion of lignification
 g - 2 potions of curing
 s - a potion of mutation

Dungeon Overview and Level Annotations

Branches:
Dungeon (8/15)             Temple (1/1) D:6
   Lair: D:8-11

Altars:
Cheibriados
Dithmenos
Elyvilon
Gozag
Hepliaklqana
Kikubaaqudgha
Okawaru
Qazlal
Ru
Sif Muna
Trog
Uskayaw
Vehumet
Wu Jian
Xom
Yredelemnul
Zin
The Shining One

Shops:
D:2 ?   D:3 *


Message History

The orc warrior closely misses you.
You shoot an arrow.
The arrow closely misses the orc warrior.
You shoot an arrow.
The arrow barely misses the orc warrior.
The orc warrior hits you from afar with a +2 trident of venom.
You shoot an arrow.
The arrow hits the orc warrior but does no damage.
The orc warrior is moderately wounded.
The orc warrior hits you from afar with a +2 trident of venom.
You shoot an arrow. The arrow hits the orc warrior.
The orc warrior is moderately wounded.
The orc warrior hits you but does no damage.
You shoot an arrow.
The arrow hits the orc warrior but does no damage.
The orc warrior is moderately wounded.
The orc warrior hits you but does no damage.
You shoot an arrow. The arrow hits the orc warrior!
The orc warrior is severely wounded.
The orc warrior hits you from afar with a +2 trident of venom.
You shoot an arrow. The arrow hits the orc warrior!
The orc warrior is almost dead.
The orc warrior closely misses you.
You shoot an arrow.
The arrow closely misses the orc warrior.
You shoot an arrow.
The arrow hits the orc warrior but does no damage.
The orc warrior is almost dead.
The orc warrior hits you but does no damage.
You shoot an arrow.
The arrow barely misses the orc warrior.
The orc warrior hits you from afar with a +2 trident of venom.
You shoot an arrow. The arrow hits the orc warrior.
The orc warrior is almost dead.
The orc warrior hits you from afar with a +2 trident of venom!
7189 ||| READING 2 scrolls of teleportation.
As you read the scroll of teleportation, it crumbles to dust.
You feel strangely unstable.
The orc warrior hits you from afar with a +2 trident of venom!
You die...

..........#.#....#.......###.
##............####...#..###
#..)..#####...###....##..##
#..)))## #...............#
#.)....# #................
..#)..).## ###>......#.....#.
#.........###........##.......
##.........#))............#...
#.).........)@)).........###..
#...........)###......... #...
#...........o.# #.....#.. ##..
................# .).... ##.
.........#......). .)... #.)
#.##..##.......)..gg.. ##.
#... ....).......... ## ...
............g..# # #


You could see an orc warrior.

Vanquished Creatures
  Sigmund (D:5)
  A steam dragon (D:8)
  A water moccasin (D:6)
  A sky beast (D:7)
  2 ice beasts (D:6)
  2 ogres
  A phantom (D:5)
  2 kobold brigands (D:8)
  A gnoll sergeant (D:8)
  3 bullfrogs
  4 scorpions
  14 wights
  3 howler monkeys
  4 jellies
  3 orc priests
  Ijyb (D:4)
  2 sleepcaps
  4 iguanas
  4 orc wizards
  Robin (D:2)
  5 gnolls (D:8)
  5 adders
  3 ufetubi
  4 dart slugs
  18 orcs
  3 endoplasms (D:1)
  3 giant cockroaches
  20 goblins
  8 hobgoblins
  20 kobolds
  3 quokkas
  3 ball pythons
  4 bats
  2 frilled lizards (D:1)
  7 rats
163 creatures vanquished.

Notes
Turn   | Place    | Note
-------+----------+-------------------------------------------
     0 | D:1      | qw the Gargoyle Hunter began the quest for the Orb.
     0 | D:1      | Reached XP level 1. HP: 12/12 MP: 1/1
     0 | D:1      | 0 ||| qw: Version: 0.2-a-29-g1fa15c8
     0 | D:1      | 0 ||| qw: Game counter: 5016
     0 | D:1      | 0 ||| qw: Always use a shield: true
     0 | D:1      | 0 ||| qw: God list: Okawaru
     0 | D:1      | 0 ||| qw: Allow faded altars: false
     0 | D:1      | 0 ||| qw: Do Orc after D:15 true
     0 | D:1      | 0 ||| qw: Do second Lair branch before Depths: true
     0 | D:1      | 0 ||| qw: Lair rune preference: random
     0 | D:1      | 0 ||| qw: Plans: Normal, Zot:1-4, Slime:5, God:TSO, Crypt,
                  | Tomb, Abyss, Pan, Hells, Win
     0 | D:1      | 0 ||| PLANNING D:1-11
   130 | D:1      | Reached XP level 2. HP: 17/17 MP: 2/2
   385 | D:1      | Reached XP level 3. HP: 20/21 MP: 3/3
   407 | D:1      | Reached skill level 5 in Ranged Weapons
   680 | D:1      | 680 ||| UPGRADING to +0 ring mail.
   690 | D:1      | 690 ||| DROPPING +0 leather armour.
   691 | D:1      | 691 ||| READING scroll labelled TOGUBU DALETU.
   692 | D:1      | 692 ||| READING scroll labelled HODUOR RAEGRIS.
   696 | D:1      | 696 ||| READING scroll labelled YKYHUT ZOGHA.
   697 | D:1      | 697 ||| DRINKING 3 green potions.
   698 | D:1      | 698 ||| DROPPING scroll of butterflies.
   815 | D:2      | Reached skill level 1 in Armour
  1025 | D:2      | Found Saepoim's Magic Scroll Shop.
  1030 | D:2      | 1030 ||| BUYING 3 scrolls of identify (72 gold).
  1030 | D:2      | Bought 3 scrolls of identify for 72 gold pieces
  1030 | D:2      | 1030 ||| SHOPLISTING scroll of enchant armour (90 gold,
                  | have 45).
  1030 | D:2      | 1030 ||| BUYING scroll of identify (24 gold).
  1030 | D:2      | Bought a scroll of identify for 24 gold pieces
  1030 | D:2      | 1030 ||| SHOPLISTING scroll of identify (24 gold, have 21).
  1030 | D:2      | 1030 ||| SHOPLISTING scroll of teleportation (36 gold, have
                  | 21).
  1145 | D:2      | Noticed Robin
  1148 | D:2      | 1148 ||| Stepping ~*~*~tactically~*~*~ (outnumbered).
  1156 | D:2      | HP: 4/22 [goblin/sling bullet[Robin] (4)]
  1157 | D:2      | 1157 ||| READING 2 scrolls of teleportation.
  1158 | D:2      | 1158 ||| DRINKING 2 potions of heal wounds.
  1161 | D:2      | 1161 ||| DRINKING potion of heal wounds.
  1290 | D:2      | Reached XP level 4. HP: 27/27 MP: 4/4
  1294 | D:2      | Reached skill level 3 in Fighting
  1310 | D:2      | Killed Robin
  1424 | D:2      | 1424 ||| UPGRADING to +0 helmet.
  1429 | D:2      | 1429 ||| UPGRADING to amulet of the acrobat.
  1434 | D:2      | 1434 ||| READING scroll labelled ZYIPPO ZIARCH.
  1435 | D:2      | 1435 ||| READING scroll labelled XOSAPS JAANT.
  1436 | D:2      | 1436 ||| READING 4 scrolls of identify.
  1436 | D:2      | 1436 ||| IDENTIFYING fuming black potion
  1437 | D:2      | 1437 ||| READING 3 scrolls of identify.
  1437 | D:2      | 1437 ||| IDENTIFYING blue potion
  1438 | D:2      | 1438 ||| READING 2 scrolls of identify.
  1438 | D:2      | 1438 ||| IDENTIFYING puce potion
  1709 | D:3      | Found Lijyhil's General Store.
  1719 | D:3      | 1719 ||| SHOPLISTING scroll of enchant armour (105 gold,
                  | have 56).
  1800 | D:3      | Found a white marble altar of Elyvilon.
  1800 | D:3      | Found a glowing silver altar of Zin.
  1804 | D:3      | Found a glowing golden altar of the Shining One.
  1832 | D:3      | Found a faded altar of an unknown god.
  2018 | D:3      | 2018 ||| UPGRADING to ring of see invisible.
  2019 | D:3      | 2019 ||| READING scroll labelled REFAK EXKYURPH.
  2020 | D:3      | 2020 ||| READING scroll labelled GAHAIRH HOAPUD.
  2021 | D:3      | 2021 ||| READING scroll labelled MAIPTEDIDGH.
  2022 | D:3      | 2022 ||| READING 3 scrolls of identify.
  2022 | D:3      | 2022 ||| IDENTIFYING sapphire potion
  2023 | D:3      | 2023 ||| READING 2 scrolls of identify.
  2023 | D:3      | 2023 ||| IDENTIFYING glowing golden potion
  2089 | D:4      | Identified the +4 long sword of Zumoem {drain, Str+4}
  2099 | D:4      | 2099 ||| Stepping ~*~*~tactically~*~*~ (outnumbered).
  2102 | D:4      | 2102 ||| Stepping ~*~*~tactically~*~*~ (outnumbered).
  2105 | D:4      | 2105 ||| Stepping ~*~*~tactically~*~*~ (outnumbered).
  2111 | D:4      | 2111 ||| DRINKING potion of curing.
  2111 | D:4      | 2111 ||| (to cure confusion)
  2118 | D:4      | HP: 6/28 [orc/+0 trident (3)]
  2119 | D:4      | Reached XP level 5. HP: 7/32 MP: 5/5
  2119 | D:4      | 2119 ||| READING scroll of teleportation.
  2237 | D:4      | Reached skill level 6 in Ranged Weapons
  2563 | D:4      | Noticed Ijyb
  2569 | D:4      | Killed Ijyb
  2647 | D:4      | Reached XP level 6. HP: 38/38 MP: 6/6
  2886 | D:4      | 2886 ||| UPGRADING to +2 leather armour of cold resistance.
  2896 | D:4      | 2896 ||| DROPPING +0 ring mail.
  2897 | D:4      | 2897 ||| UPGRADING to +0 pair of boots.
  2902 | D:4      | 2902 ||| DRINKING 2 fuming puce potions.
  2910 | D:5      | Entered Level 5 of the Dungeon
  3039 | D:5      | Identified the +0 ring mail of Refuge {rC+ rN+}
  3055 | D:5      | Reached skill level 7 in Ranged Weapons
  3082 | D:5      | Noticed Sigmund
  3087 | D:5      | Reached XP level 7. HP: 43/43 MP: 7/7
  3102 | D:5      | Killed Sigmund
  3191 | D:5      | Reached skill level 8 in Ranged Weapons
  3438 | D:5      | Found a shadowy altar of Dithmenos.
  3439 | D:5      | Found an opulent altar of Gozag.
  3518 | D:5      | 3518 ||| DROPPING +0 ring mail of Refuge {rC+ rN+}.
  3519 | D:5      | 3519 ||| READING scroll labelled WUOHUO RIOWUF.
  3520 | D:5      | 3520 ||| DRINKING 2 coppery potions.
  3521 | D:5      | 3521 ||| READING 5 scrolls of identify.
  3521 | D:5      | 3521 ||| IDENTIFYING brown potion
  3522 | D:5      | 3522 ||| DROPPING potion of brilliance.
  3790 | D:6      | Reached XP level 8. HP: 29/49 MP: 8/8
  3952 | D:6      | HP: 11/49 [wight/+4 trident (3)]
  3953 | D:6      | 3953 ||| READING 2 scrolls of teleportation.
  3954 | D:6      | 3954 ||| DRINKING 2 potions of heal wounds.
  3958 | D:6      | 3958 ||| FLEEEEING.
  3959 | D:6      | 3959 ||| FLEEEEING.
  3960 | D:6      | 3960 ||| FLEEEEING.
  3961 | D:6      | 3961 ||| FLEEEEING.
  3962 | D:6      | 3962 ||| FLEEEEING.
  3963 | D:6      | 3963 ||| FLEEEEING.
  3964 | D:6      | 3964 ||| FLEEEEING.
  3965 | D:6      | 3965 ||| FLEEEEING.
  3966 | D:6      | 3966 ||| FLEEEEING.
  3967 | D:6      | 3967 ||| FLEEEEING.
  3968 | D:6      | 3968 ||| FLEEEEING.
  3969 | D:6      | 3969 ||| FLEEEEING.
  3970 | D:6      | 3970 ||| FLEEEEING.
  3971 | D:6      | 3971 ||| FLEEEEING.
  3972 | D:6      | 3972 ||| FLEEEEING.
  3973 | D:6      | 3973 ||| FLEEEEING.
  3974 | D:6      | 3974 ||| FLEEEEING.
  3975 | D:6      | 3975 ||| FLEEEEING.
  3976 | D:6      | 3976 ||| FLEEEEING.
  3977 | D:6      | 3977 ||| FLEEEEING.
  3978 | D:6      | 3978 ||| FLEEEEING.
  3979 | D:6      | 3979 ||| FLEEEEING.
  3980 | D:6      | 3980 ||| FLEEEEING.
  3981 | D:6      | 3981 ||| FLEEEEING.
  3985 | D:6      | 3985 ||| FLEEEEING.
  3986 | D:6      | 3986 ||| FLEEEEING.
  3987 | D:6      | 3987 ||| FLEEEEING.
  3996 | D:6      | 3996 ||| FLEEEEING.
  3997 | D:6      | 3997 ||| FLEEEEING.
  3998 | D:6      | 3998 ||| FLEEEEING.
  3999 | D:6      | 3999 ||| FLEEEEING.
  4002 | D:6      | 4002 ||| FLEEEEING.
  4003 | D:6      | 4003 ||| FLEEEEING.
  4004 | D:6      | 4004 ||| FLEEEEING.
  4005 | D:6      | 4005 ||| FLEEEEING.
  4006 | D:6      | 4006 ||| FLEEEEING.
  4007 | D:6      | 4007 ||| FLEEEEING.
  4008 | D:6      | 4008 ||| FLEEEEING.
  4015 | D:6      | 4015 ||| STAIRDANCE
  4073 | D:6      | 4073 ||| STAIRDANCE
  4081 | D:5      | HP: 11/49 [wight/+3 scimitar of freezing (3)]
  4082 | D:5      | 4082 ||| READING scroll of teleportation.
  4083 | D:5      | 4083 ||| DRINKING potion of heal wounds.
  4179 | D:6      | 4179 ||| STAIRDANCE
  4193 | D:5      | Reached skill level 9 in Ranged Weapons
  4374 | D:6      | Found a staircase to the Ecumenical Temple.
  4375 | D:6      | 4375 ||| PLANNING TEMPLE
  4391 | D:6      | Reached skill level 6 in Fighting
  4402 | Temple   | Entered the Ecumenical Temple
  4415 | Temple   | 4415 ||| PLANNING OKAWARU WORSHIP
  4494 | Temple   | Became a worshipper of Warmaster Okawaru
  4495 | Temple   | 4495 ||| PLANNING D:1-11
  4513 | D:6      | Found a basalt altar of Yredelemnul.
  4703 | D:6      | Found an ancient bone altar of Kikubaaqudgha.
  4927 | D:6      | Reached skill level 10 in Ranged Weapons
  5230 | D:7      | Reached XP level 9. HP: 43/55 MP: 9/9
  5303 | D:7      | Reached skill level 3 in Dodging
  5356 | D:7      | Reached * piety under Okawaru
  5357 | D:7      | 5357 ||| INVOKING Heroism.
  5541 | D:7      | 5541 ||| INVOKING Heroism.
  5574 | D:7      | 5574 ||| INVOKING Heroism.
  5714 | D:7      | Found a shimmering altar of Xom.
  5715 | D:7      | Found a bloodstained altar of Trog.
  5716 | D:7      | Found a hazy altar of Hepliaklqana.
  5717 | D:7      | Found an ornate altar of the Wu Jian Council.
  5961 | D:7      | HP: 9/57 [wight/+5 dire flail of freezing (11)]
  5963 | D:7      | 5963 ||| INVOKING Heroism.
  5966 | D:7      | 5966 ||| FLEEEEING.
  5967 | D:7      | 5967 ||| FLEEEEING.
  5968 | D:7      | 5968 ||| FLEEEEING.
  5969 | D:7      | 5969 ||| FLEEEEING.
  5970 | D:7      | 5970 ||| FLEEEEING.
  5971 | D:7      | 5971 ||| FLEEEEING.
  5972 | D:7      | 5972 ||| FLEEEEING.
  5973 | D:7      | 5973 ||| FLEEEEING.
  5974 | D:7      | 5974 ||| FLEEEEING.
  5975 | D:7      | 5975 ||| FLEEEEING.
  5976 | D:7      | 5976 ||| FLEEEEING.
  5977 | D:7      | 5977 ||| FLEEEEING.
  5978 | D:7      | 5978 ||| FLEEEEING.
  5979 | D:7      | 5979 ||| FLEEEEING.
  5980 | D:7      | 5980 ||| FLEEEEING.
  5981 | D:7      | 5981 ||| STAIRDANCE
  6132 | D:6      | 6132 ||| READING 4 scrolls of identify.
  6132 | D:6      | 6132 ||| IDENTIFYING grey potion
  6133 | D:6      | 6133 ||| DROPPING potion of ambrosia.
  6136 | D:7      | 6136 ||| STAIRDANCE
  6733 | D:8      | 6733 ||| INVOKING Heroism.
  6741 | D:8      | 6741 ||| Stepping ~*~*~tactically~*~*~ (cloud).
  6749 | D:8      | Reached skill level 11 in Ranged Weapons
  6749 | D:8      | 6749 ||| Stepping ~*~*~tactically~*~*~ (cloud).
  6870 | D:8      | 6870 ||| READING scroll of enchant weapon.
  6870 | D:8      | 6870 ||| ENCHANTING +1 shortbow.
  6986 | D:8      | 6986 ||| INVOKING Heroism.
  6987 | D:8      | 6987 ||| INVOKING Heroism.
  7113 | D:8      | 7113 ||| Stepping ~*~*~tactically~*~*~ (outnumbered).
  7118 | D:8      | 7118 ||| Stepping ~*~*~tactically~*~*~ (outnumbered).
  7121 | D:8      | 7121 ||| Stepping ~*~*~tactically~*~*~ (outnumbered).
  7158 | D:8      | 7158 ||| INVOKING Heroism.
  7188 | D:8      | HP: 5/59 [orc warrior/+2 trident of venom (10)]
  7189 | D:8      | 7189 ||| READING 2 scrolls of teleportation.
  7189 | D:8      | Slain by an orc warrior

Levels and vault maps discovered:
D:1:      dpeg_arrival_simpleton_b, layout_loops_ring
D:2:      layout_basic, serial_shops, nicolae_shop_hallway_plus, uniq_robin
D:3:      layout_rooms, good_gods_mini_temple, shapermc_ecumenical_altar_gd,
          serial_shops, shop, chequers_serial_rivers_marsh, minmay_box_of_dots
D:4:      layout_basic, serial_bayou_crossing, uniq_ijyb
D:5:      layout_rooms, gammafunk_temple_overflow_pools, uniq_sigmund
D:6:      layout_layer_cave, kennysheep_mini, yredelemnul_altar_generic,
          minmay_temple_entry_drinking_statues
D:7:      layout_basic, mainiacjoe_overflow_alcove_3, st_stairs_11
D:8:      layout_cave_pools, mainiacjoe_overflow_cross_hatched,
          nicolae_figureground_pulse
Temple:   nicolae_temple_great_sept

Skill      XL: |  1  2  3  4  5  6  7  8  9 |
---------------+----------------------------+-----
Ranged Weapons | 5 6 7 8 10 11 | 11.4
Armour         | 1 2 |  2.2
Fighting       | 3 4 5 6 8 |  8.0
Dodging        | 2 3 |  3.1
Stealth        | |  1.1
Invocations    | |  0.8

Action                     |  1- 3 |  4- 6 |  7- 9 || total
---------------------------+-------+-------+-------++-------
   Fire: Shortbow          |   132 |   169 |   448 ||   749
 Invoke: Heroism           |       |       |     7 ||     7
    Use: Scroll            |     4 |    11 |     7 ||    22
         Potion            |     3 |     2 |     3 ||     8
 Armour: Leather armour    |     6 |    16 |   125 ||   147
         Ring mail         |    30 |    41 |       ||    71
  Dodge: Dodged            |    38 |    48 |   181 ||   267

Table legend:
 A = Non-vault XP
 B = Vault XP
 C = Vault XP percentage of total XP
 D = Non-vault monster count
 E = Vault monster count
 F = Vault count percentage of total count
                 A         B        C        D         E       F
            +---------+---------+-------+---------+---------+-------
      Total |    4010 |     400 |   9.1 |     143 |      20 |  12.3
            +---------+---------+-------+---------+---------+-------
        D:1 |      48 |       0 |   0.0 |      26 |       0 |   0.0
        D:2 |      24 |      40 |  62.5 |       8 |      13 |  61.9
        D:3 |      36 |       5 |  12.2 |      16 |       3 |  15.8
        D:4 |     130 |      36 |  21.7 |      11 |       1 |   8.3
        D:5 |     685 |     231 |  25.2 |      14 |       1 |   6.7
        D:6 |    1119 |       0 |   0.0 |      14 |       0 |   0.0
        D:7 |    1142 |      88 |   7.2 |      21 |       2 |   8.7
        D:8 |     826 |       0 |   0.0 |      33 |       0 |   0.0
            +---------+---------+-------+---------+---------+-------
